 Dungeon Crawl Stone Soup version 0.26-a0-667-g92642533e4 (webtiles) character file.

Game seed: 1843256526135884757

1348 robertstho the Cleaver (level 8, -11/71 HPs)
             Began as a Minotaur Berserker on Oct 16, 2020.
             Was a Priest of Trog.
             Splashed by Eustachio's acid (13 damage)
             ... on level 5 of the Dungeon.
             The game lasted 00:06:01 (4709 turns).

robertstho the Cleaver (Minotaur Berserker)         Turns: 4709, Time: 00:06:01

Health: -11/71     AC:  0    Str: 23      XL:     8   Next: 36%
Magic:  7/7        EV: 10    Int:  5      God:    Trog [***...]
Gold:   276        SH:  0    Dex: 15 (16) Spells: 7/7 levels left

rFire    . . .     SeeInvis .   a - +0 hand axe
rCold    . . .     Faith    .   (no shield)
rNeg     . . .     Spirit   .   n - +0 chain mail
rPois    .         Reflect  .   (helmet restricted)
rElec    .         Harm     .   (no cloak)
rCorr    .         Rampage  .   v - +0 pair of gloves
MR       ++...                  (no boots)
Stlth    ..........             (no amulet)
HPRegen  1.21/turn              r - +6 ring of dexterity
MPRegen  0.10/turn              (no ring)

@: lethally poisoned (-11 -> -11), about to teleport, corroded, berserk
cooldown, regenerating
A: retaliatory headbutt, horns 2
a: Berserk, Trog's Hand, Renounce Religion


You were on level 5 of the Dungeon.
You worshipped Trog.
Trog was most pleased with you.
You visited 1 branch of the dungeon, and saw 5 of its levels.

You collected 276 gold pieces.

Inventory:

Hand Weapons
 a - a +0 hand axe (weapon)
 y - a +2 whip of flaming
Armour
 n - a +0 chain mail (worn)
 v - a +0 pair of gloves (worn)
Jewellery
 r - a +6 ring of dexterity (left hand)
 u - an uncursed ring of flight
 z - a cursed amulet of inaccuracy {unknown}
Wands
 m - a wand of iceblast (3)
 o - a wand of digging (5)
Scrolls
 c - a scroll of fog {unknown}
 e - a scroll of enchant armour {unknown}
 h - 9 scrolls of identify {unknown}
 i - a scroll of blinking {unknown}
 j - 5 scrolls of remove curse
 q - a scroll of enchant weapon {unknown}
 s - a scroll of teleportation
 t - a scroll of amnesia {unknown}
Potions
 b - 2 potions of lignification {unknown}
 d - a potion of heal wounds
 f - 2 potions of degeneration {unknown}
 g - 2 potions of haste {unknown}
 k - 2 potions of brilliance {unknown}
 l - 2 potions of berserk rage {unknown}
 p - 2 potions of flight {unknown}
 w - a potion of stabbing {unknown}
 x - 2 potions of might {unknown}


   Skills:
 * Level 6.8 Fighting
 * Level 9.0 Axes
 * Level 5.9 Armour
 * Level 4.3 Dodging
 + Level 1.0 Stealth


You had 7 spell levels left.
You didn't know any spells.
Your spell library was empty.

Dungeon Overview and Level Annotations

Branches:
Dungeon (5/15)
 Temple: D:4-7

Altars:
Cheibriados
Uskayaw
Wu Jian

Shops:
D:4 [

Annotations:
D:5 Eustachio


Innate Abilities, Weirdness & Mutations

You reflexively headbutt those who attack you in melee.
You have a pair of horns on your head.


Message History

You furiously retaliate!
You headbutt the ufetubus, but do no damage.
The ufetubus hits you.
The quasit bites you but does no damage.
The quasit claws you. x2; Eustachio zaps a wand.
The bolt of acid hits you!
* * * LOW HITPOINT WARNING * * *
The acid corrodes you!
You are splashed with acid!
* * * LOW HITPOINT WARNING * * *
The bolt of acid hits the ufetubus!!
The ufetubus is splashed with acid.
The acid corrodes the ufetubus!
The ufetubus dies!
You feel much better.
You feel sick. The quasit bites you.
* * * LOW HITPOINT WARNING * * *
The quasit claws you.
* * * LOW HITPOINT WARNING * * *
You feel clumsy. The quasit barely misses you.
Eustachio zaps a wand.
The bolt of acid hits you!
* * * LOW HITPOINT WARNING * * *
You are splashed with acid!
You die...

##+# ##.......P≈≈≈≈
##...# #...###..≈≈≈≈.
#.....# #.#..# .≈≈≈≈.≈
.......####....##.≈≈≈≈≈.
..................≈.≈≈≈.
...............@....≈≈≈≈
.......5##.#....#..≈≈≈≈≈
.$....5@##.##...#..P≈≈≈#
#.....#@##......#..#≈≈≈#
##... #.##..###.#..#≈≈≈#
##+ #.##..# #.#..# ≈≈#
#.##..###.#.## ≈#
#..........>
#####.###### #.# #.# ..#


You could see Eustachio, a quasit (summoned) and a white imp (summoned).

Vanquished Creatures
  Pikel (D:5)
  Grinder (D:3)
  Duvessa (D:4)
  A necrophage (D:5)
  3 lemures (D:5)
  Dowan (D:4)
  A bullfrog skeleton (D:4)
  An orc priest (D:4)
  An orc wizard (D:4)
  Ijyb (D:3)
  2 iguanas (D:4)
  Terence (D:3)
  Natasha (thrice) (D:3)
  A worker ant (D:5)
  6 adders
  A howler monkey skeleton (D:4)
  A shadow imp (D:3)
  3 worms
  2 dart slugs
  5 leopard geckos
  8 orcs
  3 ball pythons
  10 bats
  6 giant cockroaches
  11 hobgoblins
  3 jackals (D:2)
  A quokka (D:5)
  A ball python skeleton (D:4)
  5 frilled lizards
  10 goblins
  5 kobolds
  9 rats
109 creatures vanquished.

Vanquished Creatures (others)
  4 plants (D:5)
4 creatures vanquished.

Grand Total: 113 creatures vanquished

Notes
Turn   | Place    | Note
-------+----------+-------------------------------------------
     0 | D:1      | robertstho the Minotaur Berserker began the quest for the
                  | Orb.
     0 | D:1      | Reached XP level 1. HP: 19/19 MP: 0/0
   188 | D:1      | Reached XP level 2. HP: 27/27 MP: 1/1
   508 | D:1      | Reached skill level 4 in Axes
   730 | D:1      | Reached XP level 3. HP: 15/33 MP: 2/2
   895 | D:1      | Reached ** piety under Trog
  1686 | D:2      | Found a snail-covered altar of Cheibriados.
  1744 | D:2      | Reached XP level 4. HP: 26/41 MP: 3/3
  1949 | D:2      | Found an ornate altar of the Wu Jian Council.
  2362 | D:3      | Noticed Natasha
  2365 | D:3      | Killed Natasha
  2365 | D:3      | Reached skill level 5 in Axes
  2380 | D:3      | Noticed Natasha
  2386 | D:3      | Killed Natasha
  2386 | D:3      | Reached XP level 5. HP: 35/47 MP: 4/4
  2513 | D:3      | Noticed Ijyb
  2524 | D:3      | Killed Ijyb
  2633 | D:3      | Noticed Natasha
  2638 | D:3      | Killed Natasha
  2735 | D:3      | Reached *** piety under Trog
  2739 | D:3      | Noticed Grinder
  2740 | D:3      | Noticed Terence
  2746 | D:3      | Paralysed by Grinder for 7 turns
  2756 | D:3      | Killed Terence
  2756 | D:3      | Reached skill level 5 in Fighting
  2764 | D:3      | Paralysed by Grinder for 3 turns
  2773 | D:3      | Killed Grinder
  2773 | D:3      | Reached skill level 6 in Axes
  2773 | D:3      | Reached skill level 1 in Stealth
  2773 | D:3      | Reached XP level 6. HP: 34/56 MP: 5/5
  3595 | D:4      | Reached XP level 7. HP: 60/62 MP: 6/6
  3650 | D:4      | Found Bofop's Armour Emporium.
  3846 | D:4      | Reached skill level 7 in Axes
  3971 | D:4      | Found a hide-covered altar of Uskayaw.
  4079 | D:4      | Noticed Duvessa
  4081 | D:4      | Noticed Dowan
  4087 | D:4      | Killed Duvessa
  4090 | D:4      | Killed Dowan
  4090 | D:4      | Reached skill level 5 in Armour
  4222 | D:5      | Entered Level 5 of the Dungeon
  4378 | D:5      | Noticed Pikel
  4392 | D:5      | Killed Pikel
  4392 | D:5      | Reached skill level 8 in Axes
  4392 | D:5      | Reached XP level 8. HP: 71/71 MP: 7/7
  4531 | D:5      | Reached skill level 9 in Axes
  4668 | D:5      | Noticed Eustachio
  4709 | D:5      | HP: 2/71 [Eustachio/bolt of acid (17)]
  4709 | D:5      | Splashed by Eustachio's acid

Illustrated notes

Levels and vault maps discovered:
D:1:      scummos_arrival_checkerplants, layout_basic, glass_columns_b,
          chequers_serial_rivers_large_a
D:2:      layout_loops_ring, nicolae_overflow_crystal_walls, marbit_many_paths
D:3:      layout_loops_corners, st_stairs_9, uniq_terence, uniq_grinder,
          uniq_ijyb, uniq_natasha
D:4:      layout_loops_ring, lemuel_doored_altar, hangedman_decor_lopped,
          minmay_misc_feat_columns, hangedman_abyss_or_decor_stagger,
          minmay_shop_grid_forest, uniq_duvessa
D:5:      layout_loops_corners, chequers_big_river, uniq_crazy_yiuf_cottage,
          uniq_edmund, uniq_eustachio, uniq_pikel

Skill      XL: |  1  2  3  4  5  6  7  8 |
---------------+-------------------------+-----
Fighting       | 4 5 6 |  6.8
Axes           | 4 5 6 8 9 |  9.0
Armour         | 3 4 5 |  5.9
Dodging        | 3 4 |  4.3
Stealth        | 1 |  1.0

Action                   |  1- 3 |  4- 6 |  7- 9 || total
-------------------------+-------+-------+-------++-------
Melee: Hand axe          |   103 |   111 |    80 ||   294
       Headbutt          |    18 |    16 |    27 ||    61
Invok: Berserk           |     1 |     2 |     2 ||     5
       Trog's Hand       |       |       |     1 ||     1
Evoke: Wand              |       |     2 |       ||     2
  Use: Potion            |       |     1 |     4 ||     5
       Scroll            |       |       |     2 ||     2
 Stab: Sleeping          |     3 |       |       ||     3
Armor: Animal skin       |    21 |       |       ||    21
       Scale mail        |       |    20 |       ||    20
       Chain mail        |       |    33 |    43 ||    76
Dodge: Dodged            |    58 |    52 |    53 ||   163

Table legend: (Time is in decaauts)
 A = Elapsed time spent in this place.
 B = Non-inter-level travel time spent in this place.
 C = Inter-level travel time spent in this place.
 D = Time resting spent in this place.
 E = Time spent auto-exploring this place.
 F = Levels seen in this place.
 G = Mean time per level.
                   A        B        C        D        E       F      G
               +--------+--------+--------+--------+--------+-----+--------+
         Total |   4764 |   4598 |    166 |      0 |   3910 |   5 |  952.8 |
       Dungeon |   4764 |   4598 |    166 |      0 |   3910 |   5 |  952.8 |
               +--------+--------+--------+--------+--------+-----+--------+

Top non-repeatable levels by time:
     D:3: 1317 daAuts
     D:1: 1118 daAuts
     D:2: 1026 daAuts
     D:4: 803 daAuts
     D:5: 498 daAuts
